 Dungeon Crawl Stone Soup version 0.24.0-41-g2ae2f7f1be (webtiles) character file.

Game seed: 10960894265554848961, levelgen mode: deterministic

98 Devinter the Conjurer (level 4, -2/27 HPs)
             Began as an Octopode Conjurer on Dec 11, 2019.
             Slain by a goblin
             ... wielding a +0 club
             ... led by Robin
              (4 damage)
             ... on level 2 of the Dungeon.
             The game lasted 00:08:21 (1380 turns).

Devinter the Conjurer (Octopode Conjurer)           Turns: 1380, Time: 00:08:22

Health: -2/27      AC:  1    Str:  7    XL:     4   Next: 71%
Magic:  1/9        EV: 15    Int: 18    God:
Gold:   20         SH:  0    Dex: 12    Spells: 8/9 levels left

rFire    . . .     SeeInvis .   e - +0 dagger
rCold    . . .     Gourm    .   (no shield)
rNeg     . . .     Faith    .   (helmet restricted)
rPois    .         Spirit   .   (no amulet)
rElec    .         Reflect  .   a - +2 ring of evasion
rCorr    .         Harm     .   (no ring)
MR       .....                  (no ring)
Stlth    +++.......             (no ring)
HPRegen  0.09/turn              (no ring)
MPRegen  0.11/turn              (no ring)
                                (no ring)
                                (no ring)

@: no status effects
A: almost no armour, stealthy swim, amphibious, 8 rings, constrict 8, camouflage
1, gelatinous body 1
a: no special abilities


You were on level 2 of the Dungeon.
You were hungry.

You visited 1 branch of the dungeon, and saw 2 of its levels.

You collected 20 gold pieces.

Inventory:

Hand Weapons
 e - a +0 dagger (weapon)
Missiles
 g - 13 arrows
 h - 19 poisoned darts (quivered)
Jewellery
 a - a +2 ring of evasion (left tentacle)
 m - an uncursed amulet of the gourmand {unknown}
Scrolls
 c - 2 scrolls of remove curse
 i - a scroll of amnesia
Potions
 f - a potion of brilliance {unknown}
 k - a potion of curing {unknown}
 l - a potion of heal wounds {unknown}
Comestibles
 b - 4 rations


   Skills:
 - Level 2.0 Dodging
 - Level 3.0 Stealth
 + Level 3.3 Spellcasting
 - Level 5.0 Conjurations


You had 8 spell levels left.
You knew the following spells:

 Your Spells              Type           Power        Failure   Level  Hunger
a - Magic Dart            Conj           ###.         1%          1    None

Your spell library contained the following spells:

 Spells                   Type           Power        Failure   Level  Hunger
 Searing Ray              Conj           ###...       3%          2    ##.....
 Dazzling Spray           Conj/Hex       ##....       17%         3    ###....
 Iskenderun's Mystic Bla  Conj           ###.....     21%         4    ####...
 Force Lance              Conj/Tloc      ##......     50%         4    ####...
 Fulminant Prism          Conj/Hex       ##........   50%         4    ####...


Dungeon Overview and Level Annotations

Branches:
Dungeon (2/15)

Altars:

Annotations:
D:2 Sigmund


Innate Abilities, Weirdness & Mutations

You cannot wear most types of armour.
You are very stealthy in the water. (Stealth+)
You are amphibious.
You can wear up to eight rings at the same time.
You can use your tentacles to constrict eight enemies at once.
Your skin changes colour to match your surroundings (Stealth+).
Your rubbery body absorbs attacks. (AC +1, EV +1)


Message History

You hit the jackal.
The jackal is heavily wounded.
You constrict the jackal. The jackal misses you.
The jackal bites you but does no damage.
You hit the jackal but do no damage.
You squeeze the jackal, but do no damage.
The jackal is heavily wounded.
You constrict the jackal.
The hobgoblin no longer looks unusually strong.
The jackal bites you.
* * * LOW HITPOINT WARNING * * *
The goblin hits you with a +0 club.
* * * LOW HITPOINT WARNING * * *
You hit the jackal.
The jackal is almost dead.
You constrict the jackal, but do no damage.
The jackal bites you.
* * * LOW HITPOINT WARNING * * *
The goblin hits you with a +0 club.
You die...

####### #.....#
#.###.# #.# #.##.#
#.###.##.#
#...)g)..#########
#####h##.†...g...##
#h##..g.......g.
#@##.......g...g
#g##...........
#.##....$..#..
#..'.)..g†#.#..
####.....#._.#
####...#.#.g
#....#.. ##........
####.....


You could see 2 jackals, a hobgoblin and a goblin.

Vanquished Creatures
  A worker ant (D:2)
  Robin (D:2)
  An adder (D:2)
  2 dart slugs (D:1)
  2 leopard geckos (D:1)
  A ball python (D:1)
  A giant cockroach (D:2)
  8 hobgoblins
  6 kobolds
  6 bats
  5 frilled lizards
  11 goblins
  4 rats
49 creatures vanquished.

Notes
Turn   | Place    | Note
-------+----------+-------------------------------------------
     0 | D:1      | Devinter the Octopode Conjurer began the quest for the Orb.
     0 | D:1      | Reached XP level 1. HP: 11/11 MP: 3/3
   267 | D:1      | Reached skill level 3 in Stealth
   289 | D:1      | Reached XP level 2. HP: 17/17 MP: 1/5
   571 | D:1      | Reached XP level 3. HP: 21/21 MP: 2/6
  1010 | D:2      | Reached skill level 3 in Spellcasting
  1010 | D:2      | Reached XP level 4. HP: 13/27 MP: 1/8
  1164 | D:2      | Noticed Sigmund
  1306 | D:2      | Found a faded altar of an unknown god.
  1321 | D:2      | Noticed Robin
  1370 | D:2      | Killed Robin
  1370 | D:2      | Reached skill level 5 in Conjurations
  1380 | D:2      | HP: 2/27 [jackal (1)]
  1380 | D:2      | Slain by a goblin

Levels and vault maps discovered:
D:1:      matt_arrival_los_fun, layout_basic
D:2:      layout_basic, chequers_ecumenical_altar_simple_redux, uniq_sigmund,
          uniq_robin

Skill      XL: |  1  2  3  4 |
---------------+-------------+-----
Stealth        | 3 |  3.0
Spellcasting   | 3 |  3.3
Conjurations   | 5 |  5.0
Dodging        | |  2.0

Action                   |  1- 3 |  4- 6 || total
-------------------------+-------+-------++-------
Melee: Dagger            |    24 |    27 ||    51
       Constrict         |     6 |     7 ||    13
       Tentacles         |     4 |     4 ||     8
 Cast: Magic Dart        |    47 |    21 ||    68
  Use: Scroll            |       |     4 ||     4
 Stab: Sleeping          |     3 |       ||     3
  Eat: Chunk             |       |     1 ||     1
Armor: Skin              |     4 |     2 ||     6
Dodge: Dodged            |    20 |    22 ||    42
